Workbook

Sheet OPS- NOV 2023
B1: Contratar los servicios de mantenimiento locativo preventivo y correctivo para los bienes inmuebles, bienes muebles, equipos y enseres, de las oficinas a nivel nacional de la Unidad Administrativa Especial de Gestión de Restitución de Tierras Despojadas.
A3: IDENTIFICACIÓN Y CLASIFICACIÓN DEL RIESGO | N3: TRATAMIENTO DEL RIESGO
A5: N° | B5: Clase | C5: Fuente | D5: Etapa | E5: Tipo | F5: Descripción (Qué puede pasar y, cómo puede ocurrir) | G5: Consecuencia de la ocurrencia del evento | H5: Probabilidad | I5: Impacto | J5: Valoración del riesgo | K5: Categoría | L5: ¿A quién se le asigna? | M5: % Asignación | N5: N° | O5: Tratamiento/ Controles a ser implementados | P5: Impacto después del tratamiento | T5: ¿Afecta la ejecución del contrato? | U5: Responsable por implementar el tratamiento | V5: Fecha estimada en que se inicia el tratamiento | W5: Fecha estimada en que se completa el tratamiento | X5: Monitoreo y revisión
P6: Probabilidad | Q6: Impacto | R6: Valoración del riesgo | S6: Categoría | X6: ¿Cómo se realiza el monitoreo? | Y6: Periodicidad ¿Cuándo?
A8: 1 | B8: Especifico | C8: Externo | D8: Ejecución | E8: Operacional | F8: Falta de disponibilidad de las profesionales o personas destinadas al mantenimiento locativo preventivo y correctivo para los bienes inmuebles, bienes muebles, equipos y enseres de las oficinas a nivel nacional de la UAEGRTD | G8: Dificulta la ejecución del contrato de manera baja, aplicando medidas mínimas se puede lograr el objeto contractual | H8: 3 | I8: 2 | J8: =SUM(H8:I8) -> 5 | K8: =VLOOKUP(J8,Inputs!$E$2:$F$12,2,FALSE) -> Medio | L8: Proveedor | M8: 1 | N8: 1 | O8: El supervisor del contrato solicitará al proveedor cambio del personal involucrado en la ejecución del contrato de persisitir las fallas se aplicará las diferentes clausulas penales y/o multas. | P8: 1 | Q8: 1 | R8: =SUM(P8:Q8) -> 2 | S8: MEDIO | T8: SI | U8: Proveedor | V8: Desde el perfeccionamiento del contrato | W8: Terminación del plazo de ejecución | X8: SEGUIMIENTO DEL PROCESO Por pate del supervisor del contrato verificando y dejando constancia en su informe mensual del cumplimiento de las obligaciones pactadas | Y8: MENSUAL
A9: 2 | B9: Especifico | C9: Externo | D9: Ejecución | E9: Operacional | F9: Falta de idoneidad de las profesionales o personas destinadas al mantenimiento locativo preventivo y correctivo para los bienes inmuebles, bienes muebles, equipos y enseres de las oficinas a nivel nacional de la UAEGRTD | G9: Dificulta la ejecución del contrato de manera baja, aplicando medidas mínimas se puede lograr el objeto contractual | H9: 3 | I9: 2 | J9: =SUM(H9:I9) -> 5 | K9: =VLOOKUP(J9,Inputs!$E$2:$F$12,2,FALSE) -> Medio | L9: Proveedor | M9: 1 | N9: 2 | O9: El supervisor del contrato solicitará al proveedor cambio del personal involucrado en la ejecución del contrato con las mismas condiciones exijidas al inicio del contrato. De persisitir las fallas se aplicará las diferentes clausulas penales y/o multas. | P9: 1 | Q9: 1 | R9: =SUM(P9:Q9) -> 2 | S9: MEDIO | T9: SI | U9: Proveedor | V9: Desde el perfeccionamiento del contrato | W9: Terminación del plazo de ejecución | X9: SEGUIMIENTO DEL PROCESO Por pate del supervisor del contrato verificando y dejando constancia en su informe mensual del cumplimiento de las obligaciones pactadas | Y9: MENSUAL
A10: 3 | B10: Especifico | C10: Externo | D10: Ejecución | E10: Operacional | F10: Daños a los colaboradores de la entidad como consecuencia de la intervención por parte del personal destinado al mantenimiento locativo preventivo y correctivo para los bienes inmuebles, bienes muebles, equipos y enseres de las oficinas a nivel nacional de la UAEGRTD | G10: Dificulta la ejecución del contrato de manera baja, aplicando medidas mínimas se puede lograr el objeto contractual | H10: 3 | I10: 2 | J10: 5 | K10: =VLOOKUP(J10,Inputs!$E$2:$F$12,2,FALSE) -> Medio | L10: Proveedor | M10: 1 | N10: 3 | O10: El supervisor del contrato hará efectiva la póliza de cumplimiento constituida en el contrato. | P10: 1 | Q10: 1 | R10: =SUM(P10:Q10) -> 2 | S10: MEDIO | T10: SI | U10: Proveedor | V10: Desde el perfeccionamiento del contrato | W10: Terminación del plazo de ejecución | X10: SEGUIMIENTO DEL PROCESO Por pate del supervisor del contrato verificando y dejando constancia en su informe mensual del cumplimiento de las obligaciones pactadas | Y10: MENSUAL
A11: 4 | B11: Especifico | C11: Externo | D11: Ejecución | E11: Operacional | F11: Daños a terceros como consecuencia de la intervención por parte del personal destinado al mantenimiento locativo preventivo y correctivo para los bienes inmuebles, bienes muebles, equipos y enseres de las oficinas a nivel nacional de la UAEGRTD | G11: Dificulta la ejecución del contrato de manera baja, aplicando medidas mínimas se puede lograr el objeto contractual | H11: 3 | I11: 2 | J11: =SUM(H11:I11) -> 5 | K11: =VLOOKUP(J11,Inputs!$E$2:$F$12,2,FALSE) -> Medio | L11: Proveedor | M11: 1 | N11: 4 | O11: El supervisor del contrato hará efectiva la póliza de cumplimiento constituida en el contrato. | P11: 1 | Q11: 1 | R11: =SUM(P11:Q11) -> 2 | S11: =VLOOKUP(R11,Inputs!$E$2:$F$12,2,FALSE) -> Bajo | T11: SI | U11: Proveedor | V11: Desde el perfeccionamiento del contrato | W11: Terminación del plazo de ejecución | X11: SEGUIMIENTO DEL PROCESO Por pate del supervisor del contrato verificando y dejando constancia en su informe mensual del cumplimiento de las obligaciones pactadas | Y11: MENSUAL
A12: 5 | B12: Especifico | C12: Externo | D12: Ejecución | E12: Operacional | F12: Daños a los equipos, bienes y/o elementos de la entidad o respecto de los cuales sea responsable como consecuencia de la intervención por parte del personal destinado al mantenimiento locativo preventivo y correctivo para los bienes inmuebles, bienes muebles, equipos y enseres de las oficinas a nivel nacional de la UAEGRTD | G12: Dificulta la ejecución del contrato de manera baja, aplicando medidas mínimas se puede lograr el objeto contractual | H12: 3 | I12: 2 | J12: =SUM(H12:I12) -> 5 | K12: =VLOOKUP(J12,Inputs!$E$2:$F$12,2,FALSE) -> Medio | L12: Proveedor | M12: 1 | N12: 5 | O12: LA UAEGRTD aplicará la póliza constituida por el proveedor y las cláusulas estipuladas en el contrato. | P12: 1 | Q12: 1 | R12: =SUM(P12:Q12) -> 2 | S12: =VLOOKUP(R12,Inputs!$E$2:$F$12,2,FALSE) -> Bajo | T12: SI | U12: Entidad Contratantr | V12: Desde el perfeccionamiento del contrato | W12: Terminación del plazo de ejecución | X12: SEGUIMIENTO DEL PROCESO Por pate del supervisor del contrato verificando y dejando constancia en su informe mensual del cumplimiento de las obligaciones pactadas | Y12: MENSUAL
A13: 6 | B13: Especifico | C13: Externo | D13: Ejecución | E13: Operacional | F13: Falta de liquidez por parte del Contratista durante la Ejecución del Contrato. | G13: Dificulta la ejecución del contrato de manera baja, aplicando medidas mínimas se puede lograr el objeto contractual | H13: 3 | I13: 2 | J13: =SUM(H13:I13) -> 5 | K13: =VLOOKUP(J13,Inputs!$E$2:$F$12,2,FALSE) -> Medio | L13: Proveedor | M13: 1 | N13: 6 | O13: El supervisor del contrato junto con el proveedor concertaron actividades alterantivas para garantizar el contrato. De persistir el error la entidad contratante cederá el contrato y/o aplicará las clausulas de multas y/o penales al proveedor. | P13: 1 | Q13: 1 | R13: =SUM(P13:Q13) -> 2 | S13: =VLOOKUP(R13,Inputs!$E$2:$F$12,2,FALSE) -> Bajo | T13: SI | U13: Proveedor | V13: Desde el perfeccionamiento del contrato | W13: Terminación del plazo de ejecución | X13: SEGUIMIENTO DEL PROCESO Por pate del supervisor del contrato verificando y dejando constancia en su informe mensual del cumplimiento de las obligaciones pactadas | Y13: MENSUAL
A14: 7 | B14: Especifico | C14: Externo | D14: Ejecución | E14: jurídico | F14: Accidentes laborales de personal propio del contratista | G14: Dificulta la ejecución del contrato de manera baja, aplicando medidas mínimas se puede lograr el objeto contractual | H14: 3 | I14: 2 | J14: 5 | K14: =VLOOKUP(J14,[1]Inputs!$E$2:$F$12,2,FALSE) -> Medio | L14: Proveedor | M14: 1 | N14: 7 | O14: El proveedor deberá proyectar un equipo alterno con iguales condiciones a las exigidas en el pliego de condiciones. | P14: 1 | Q14: 1 | R14: =SUM(P14:Q14) -> 2 | S14: MEDIO | T14: SI | U14: Proveedor | V14: Desde el perfeccionamiento del contrato | W14: Terminación del plazo de ejecución | X14: SEGUIMIENTO DEL PROCESO Por pate del supervisor del contrato verificando y dejando constancia en su informe mensual del cumplimiento de las obligaciones pactadas | Y14: MENSUAL
A15: 8 | B15: Especifico | C15: Externo | D15: Ejecución | E15: Operacional | F15: No pago oportuno de las salarios y demás prestaciones de los trabajadores vinculados al contratista. | G15: Dificulta la ejecución del contrato de manera baja, aplicando medidas mínimas se puede lograr el objeto contractual | H15: 3 | I15: 2 | J15: =SUM(H15:I15) -> 5 | K15: =VLOOKUP(J15,[1]Inputs!$E$2:$F$12,2,FALSE) -> Medio | L15: Proveedor | M15: 1 | N15: 8 | O15: LA UAEGRTD aplicará la póliza constituida por el proveedor y las cláusulas estipuladas en el contrato. | P15: 1 | Q15: 1 | R15: =SUM(P15:Q15) -> 2 | S15: =VLOOKUP(R15,[1]Inputs!$E$2:$F$12,2,FALSE) -> Bajo | T15: SI | U15: Proveedor | V15: Desde el perfeccionamiento del contrato | W15: Terminación del plazo de ejecución | X15: SEGUIMIENTO DEL PROCESO Por pate del supervisor del contrato verificando y dejando constancia en su informe mensual del cumplimiento de las obligaciones pactadas | Y15: MENSUAL
A16: 9 | B16: Especifico | C16: Externo | D16: Ejecución | E16: Operacional | F16: Indebida o incorrecta estimación de precios o costos, esto es que los costos ofrecidos son bajos en relación con los precios del mercado. | G16: Obstruye la ejecución del contrato sustancialmente pero aun así permite la consecución del objeto contractual | H16: 2 | I16: 4 | J16: =SUM(H16:I16) -> 6 | K16: Alto | L16: Proveedor | M16: 1 | N16: 9 | O16: El contratista debe analizar las fluctuaciones de las tasas de cambio que puedan afectar el precio en pesos colombianos de los servicios requeridos para el cumplimiento del objeto contractual y presentar su oferta teniendo en cuenta las previsiones realizadas. | P16: 1 | Q16: 1 | R16: =SUM(P16:Q16) -> 2 | S16: =VLOOKUP(R16,[1]Inputs!$E$2:$F$12,2,FALSE) -> Bajo | T16: SI | U16: Proveedor | V16: Desde el perfeccionamiento del contrato | W16: Terminación del plazo de ejecución | X16: SEGUIMIENTO DEL PROCESO Por pate del supervisor del contrato verificando y dejando constancia en su informe mensual del cumplimiento de las obligaciones pactadas | Y16: MENSUAL
A17: 10 | B17: Especifico | C17: Externo | D17: Ejecución | E17: Operacional | F17: Incumplimiento de subcontratistas o proveedores, así como cuando el personal del contratista incumple sus obligaciones contractuales | G17: Obstruye la ejecución del contrato de manera intrascendente. | H17: 4 | I17: 1 | J17: 5 | K17: =VLOOKUP(J17,[1]Inputs!$E$2:$F$12,2,FALSE) -> Medio | L17: Proveedor | M17: 1 | N17: 10 | O17: El supervisor del contrato realizará seguimiento exhaustivo a la ejecución del contrato, de persistir el incumplinento la entidad afectará la póliza de cumplimiento y aplicará las clausulas de multas y/o sanciones y/o penales. | P17: 2 | Q17: 1 | R17: =SUM(P17:Q17) -> 3 | S17: Bajo | T17: SI | U17: Proveedor | V17: Desde el perfeccionamiento del contrato | W17: Terminación del plazo de ejecución | X17: SEGUIMIENTO DEL PROCESO Por pate del supervisor del contrato verificando y dejando constancia en su informe mensual del cumplimiento de las obligaciones pactadas | Y17: MENSUAL
A18: 11 | B18: Especifico | C18: Externo | D18: Ejecución | E18: Operacional | F18: Disponibilidad de las partes, piezas, elementos, insumos y repuestos que se requieran en desarrollo del objeto contractual. | G18: Dificulta la ejecución del contrato de manera baja, aplicando medidas mínimas se puede lograr el objeto contractual | H18: 3 | I18: 2 | J18: 5 | K18: =VLOOKUP(J18,[1]Inputs!$E$2:$F$12,2,FALSE) -> Medio | L18: Proveedor | M18: 1 | N18: 11 | O18: El supervisor del contrato realizará seguimiento exhaustivo a la ejecución del contrato, de persistir el incumplinento la entidad afectará la póliza de cumplimiento y aplicará las clausulas de multas y/o sanciones y/o penales. | P18: 2 | Q18: 1 | R18: =SUM(P18:Q18) -> 3 | S18: Bajo | T18: SI | U18: Proveedor | V18: Desde el perfeccionamiento del contrato | W18: Terminación del plazo de ejecución | X18: SEGUIMIENTO DEL PROCESO Por pate del supervisor del contrato verificando y dejando constancia en su informe mensual del cumplimiento de las obligaciones pactadas | Y18: MENSUAL
A19: 12 | B19: Especifico | C19: Externo | D19: Ejecución | E19: Operacional | F19: Incorrecta disposición y/o indebido tratamiento de residuos producidos por las actividades propias del contrato. | G19: Dificulta la ejecución del contrato de manera baja, aplicando medidas mínimas se puede lograr el objeto contractual | H19: 3 | I19: 2 | J19: 5 | K19: Medio | L19: Proveedor | M19: 1 | N19: 12 | O19: El proveedor deberá contar con un profesional ambiental, para La elaboración de las guías ambientales SGA, previo al inicio de las obras así como durante la ejecución del proyecto para la identificación y asesoría para reducir los riesgos por prácticas ambientales inadecuadas, y el seguimiento permanente de los cronogramas de obra. | P19: 1 | Q19: 1 | R19: =SUM(P19:Q19) -> 2 | S19: Bajo | T19: SI | U19: Proveedor | V19: Desde el perfeccionamiento del contrato | W19: Terminación del plazo de ejecución | X19: SEGUIMIENTO DEL PROCESO Por pate del supervisor del contrato verificando y dejando constancia en su informe mensual del cumplimiento de las obligaciones pactadas | Y19: MENSUAL
A20: 13 | B20: Especifico | C20: Externo | D20: Ejecución | E20: social o politico | F20: Cambios en la situación política sistema de gobierno | G20: Obstruye la ejecución del contrato sustancialmente pero aun así permite la consecución del objeto contractual | H20: 1 | I20: 2 | J20: 3 | K20: Medio | L20: Proveedor | M20: 1 | N20: 13 | O20: LA UAEGRTD junto con el proveedor tomaran acciones alternativas para garantizar la ejecución del contrato. | P20: 1 | Q20: 1 | R20: =SUM(P20:Q20) -> 2 | S20: Bajo | T20: SI | U20: Proveedor | V20: Desde el perfeccionamiento del contrato | W20: Terminación del plazo de ejecución | X20: SEGUIMIENTO DEL PROCESO Por pate del supervisor del contrato verificando y dejando constancia en su informe mensual del cumplimiento de las obligaciones pactadas | Y20: MENSUAL
A21: 14 | B21: Especifico | C21: Externo | D21: Ejecución | E21: social o politico | F21: Cambios en la situación social, paros, huelgas, actos terroristas y/o situaciones de salud pública. | G21: Obstruye la ejecución del contrato sustancialmente pero aun así permite la consecución del objeto contractual | H21: 1 | I21: 2 | J21: 3 | K21: Medio | L21: Proveedor | M21: 1 | N21: 14 | O21: LA UAEGRTD junto con el proveedor tomaran acciones alternativas para garantizar la ejecución del contrato. | P21: 1 | Q21: 1 | R21: =SUM(P21:Q21) -> 2 | S21: Bajo | T21: SI | U21: Proveedor | V21: Desde el perfeccionamiento del contrato | W21: Terminación del plazo de ejecución | X21: SEGUIMIENTO DEL PROCESO Por pate del supervisor del contrato verificando y dejando constancia en su informe mensual del cumplimiento de las obligaciones pactadas | Y21: MENSUAL

Sheet Inputs
A1: Clase | B1: Fuente | C1: Etapa | D1: Tipo | E1: Riesgo | F1: Valoración | G1: 1 | H1: Colombia Compra Eficiente
A2: General | B2: Interno | C2: Planeación | D2: Económico | E2: 0 | F2: Bajo | G2: 2 | H2: Proveedor
A3: Específico | B3: Externo | C3: Selección | D3: Sociales o Políticos | E3: 1 | F3: Bajo | G3: 3 | H3: Entidad Contratante
C4: Contratación | D4: Operacionales | E4: 2 | F4: Bajo | G4: 4 | H4: Colombia Compra Eficiente + Proveedor
C5: Ejecución | D5: Financieros | E5: 3 | F5: Bajo | G5: 5 | H5: Colombia Compra Eficiente + Entidad Contratante
C6: Selección / Ejecución | D6: Regulatorios | E6: 4 | F6: Bajo | G6: 6 | H6: Entidad Contratante + Proveedor
C7: Juridico | D7: Naturaleza | E7: 5 | F7: Medio | G7: 7 | H7: Colombia Compra Eficiente + Entidad Contratante + Proveedor
C8: Contratación / Ejecución | D8: Ambientales | E8: 6 | F8: Alto
C9: Planeación / Contratación / Ejecución | D9: Tecnológicos | E9: 7 | F9: Alto
E10: 8 | F10: Extremo
E11: 9 | F11: Extremo
E12: 10 | F12: Extremo
